 Dungeon Crawl Stone Soup version 0.24.0 (webtiles) character file.

Game seed: 5507137347442383984, levelgen mode: deterministic

470 BigChef the Poker (level 6, 0/50 HPs)
             Began as a Demonspawn Chaos Knight on Feb 4, 2020.
             Was a Plaything of Xom.
             Slain by Prince Ribbit (18 damage)
             ... on level 5 of the Dungeon.
             The game lasted 00:07:22 (4116 turns).

BigChef the Poker (Demonspawn Chaos Knight)         Turns: 4116, Time: 00:07:22

Health: 0/50       AC:  8    Str: 15    XL:     6   Next: 82%
Magic:  6/6        EV: 12    Int: 13    God:    Xom [......]
Gold:   2193       SH:  0    Dex: 15    Spells: 5/5 levels left

rFire    . . .     SeeInvis .   a - +1 spear (chaos)
rCold    . . .     Gourm    .   (no shield)
rNeg     . . .     Faith    .   b - +2 leather armour
rPois    .         Spirit   .   (helmet restricted)
rElec    .         Reflect  .   w - +0 cloak
rCorr    .         Harm     .   f - +0 pair of gloves
MR       .....                  (no boots)
Stlth    ++........             (no amulet)
HPRegen  0.16/turn              q - +3 ring of dexterity
MPRegen  0.10/turn              (no ring)

@: poison vulnerable, very slightly contaminated, lightly drained
A: horns 2, rugged brown scales 1, blurry vision 2, poison resistance, screaming
1, spiny 1
a: Renounce Religion


You were on level 5 of the Dungeon.
You worshipped Xom.
You were a very special plaything of Xom.
You were not hungry.

You visited 1 branch of the dungeon, and saw 5 of its levels.

You collected 2193 gold pieces.

Inventory:

Hand Weapons
 a - a +1 spear of chaos (weapon)
 v - the +3 great sword "Febbuxus" {slice, rPois rN+ Stlth+}
   (You found it on level 4 of the Dungeon)

   It inflicts extra damage upon your enemies.
   It protects you from poison.
   It protects you from negative energy.
   It makes you more stealthy.
Armour
 b - a +2 leather armour (worn)
 f - a +0 pair of gloves (worn)
 m - a +0 helmet
 w - a +0 cloak (worn)
Jewellery
 q - a +3 ring of dexterity (left hand)
Wands
 d - a wand of flame (20)
 s - a wand of disintegration (35)
Scrolls
 i - 3 scrolls of remove curse
 j - a scroll of random uselessness
 k - 2 scrolls of teleportation
 l - 3 scrolls of amnesia
 n - 2 scrolls of identify
 p - a scroll of blinking
 t - 2 scrolls of enchant weapon
 u - a scroll of enchant armour {unknown}
Potions
 e - 2 potions of curing
 g - 3 potions of cancellation
 h - a potion of ambrosia {unknown}
 r - a potion of lignification
 x - a potion of might {unknown}
Comestibles
 c - 7 rations


   Skills:
 + Level 4.3(4.0) Fighting
 + Level 5.1(4.7) Polearms
 + Level 2.9(2.6) Armour
 + Level 2.0(1.7) Dodging
 + Level 2.2(1.9) Stealth


You had 5 spell levels left.
You didn't know any spells.
Your spell library contained the following spells:

 Spells                   Type           Power        Failure   Level  Hunger
 Magic Dart               Conj           #...         36%         1    ##.....
 Blink                    Tloc           N/A          50%         2    ###....
 Call Imp                 Summ           #.......     50%         2    ###....
 Slow                     Hex            #.......     50%         2    ###....
 Conjure Flame            Conj/Fire      #.......     75%         3    ####...
 Mephitic Cloud           Conj/Pois/Air  #.......     75%         3    ####...


Dungeon Overview and Level Annotations

Branches:
Dungeon (5/15)
 Temple: D:4-7

Altars:
Elyvilon
Qazlal
Ru
Vehumet
Xom
The Shining One

Annotations:
D:5 Edmund, Prince Ribbit


Innate Abilities, Weirdness & Mutations

You have a pair of horns on your head.
You are partially covered in rugged brown scales. (AC +1, +3% HP)
You are partially covered in sharp spines.
Scrolls take you longer to read.
Your system is resistant to poisons. (rPois)
You occasionally shout uncontrollably at your foes.


Message History

Press: ? - help, Dir - move target cursor You are very lightly contaminated with residual magic.
As you read the scroll of blinking, it crumbles to dust.
You feel better.
You feel much better.
You barely miss Prince Ribbit. Prince Ribbit is struck by your spines.
Prince Ribbit hits you!
You barely miss Prince Ribbit.
Prince Ribbit is lightly wounded.
Prince Ribbit is struck by your spines. Prince Ribbit hits you!
* * * LOW HITPOINT WARNING * * *
Edmund the tengu comes into view.
Prince Ribbit completely misses you.
You feel much better. Prince Ribbit is struck by your spines.
Prince Ribbit hits you!
Prince Ribbit blinks!
Prince Ribbit hits you but does no damage.
Prince Ribbit hits you!!
You die...
Xom thinks this is hilarious!

#§# #.# #)# #.###
#.# #.#..
#######.###...
.........##..
#####........#
##.#....###
#.....#...#
#..#.@F...#..
#..##........
#..##Z##.#.##
#○#####§.##§.....#
#§§○.°○...Q.##.#.#
#######..#### ....
#...# .#. #....# #
###..#


You could see Prince Ribbit, Edmund the tengu and a hound skeleton.

Vanquished Creatures
  2 ogres (D:3)
  An orc priest (D:4)
  An orc wizard (D:4)
  Crazy Yiuf (D:4)
  Terence (D:2)
  2 adders (D:2)
  A worm (D:4)
  4 dart slugs
  3 leopard geckos
  3 orcs (D:4)
  7 giant cockroaches
  7 goblins
  7 hobgoblins
  2 jackals (D:2)
  5 kobolds
  2 quokkas
  A ball python (D:3)
  6 bats
  9 frilled lizards
  6 rats
71 creatures vanquished.

Vanquished Creatures (collateral kills)
  A kobold (D:2)
1 creature vanquished.

Vanquished Creatures (others)
  A sky beast (D:5)
  A worker ant (D:5)
2 creatures vanquished.

Grand Total: 74 creatures vanquished

Notes
Turn   | Place    | Note
-------+----------+-------------------------------------------
     0 | D:1      | BigChef the Demonspawn Chaos Knight began the quest for the
                  | Orb.
     0 | D:1      | Reached XP level 1. HP: 18/18 MP: 1/1
    12 | D:1      | Reached skill level 1 in Dodging
    24 | D:1      | XOM: harmless Ice miscast
    74 | D:1      | Gained mutation: You are partially covered in sharp spines.
                  | [demonic ancestry]
    74 | D:1      | Reached XP level 2. HP: 24/24 MP: 2/2
   205 | D:1      | Reached skill level 3 in Polearms
   406 | D:1      | XOM: harmless Tmut miscast
   492 | D:1      | XOM: god gift: scroll labeled KEDOUT JEURR {god gift}
   789 | D:2      | XOM: scenery: 1 doors open
   794 | D:2      | Reached XP level 3. HP: 21/29 MP: 3/3
   928 | D:2      | XOM: 1-stop teleportation journey
   935 | D:2      | Found a stormy altar of Qazlal.
   963 | D:2      | XOM: god gift: 40 gold pieces
  1213 | D:2      | Gained mutation: You have a pair of small horns on your
                  | head. [demonic ancestry]
  1213 | D:2      | Reached XP level 4. HP: 37/37 MP: 4/4
  1284 | D:2      | Noticed Terence
  1285 | D:2      | XOM: summons 3 friendly demons
  1297 | D:2      | Killed Terence
  1492 | D:3      | Noticed an ogre
  1511 | D:3      | XOM: butterfly on damage
  1538 | D:2      | XOM: god gift: black potion {god gift}
  1592 | D:2      | XOM: god gift: 1920 gold pieces
  1696 | D:2      | XOM: scenery: 1 doors close
  1711 | D:3      | Killed an ogre
  1711 | D:3      | Reached skill level 4 in Polearms
  1711 | D:3      | Reached skill level 1 in Stealth
  1711 | D:3      | Gained mutation: You have a pair of horns on your head.
                  | [demonic ancestry]
  1711 | D:3      | Reached XP level 5. HP: 14/42 MP: 5/5
  1915 | D:3      | Found a sacrificial altar of Ru.
  2146 | D:3      | XOM: mild Air miscast
  2217 | D:3      | Noticed an ogre
  2234 | D:3      | XOM: give mutations
  2234 | D:3      | Gained mutation: You occasionally shout uncontrollably at
                  | your foes. [Xom's mischief]
  2234 | D:3      | Gained mutation: Scrolls take you a little longer to read.
                  | [Xom's mischief]
  2234 | D:3      | Gained mutation: Scrolls take you longer to read. [Xom's
                  | mischief]
  2234 | D:3      | Gained mutation: Your system is resistant to poisons.
                  | (rPois) [Xom's mischief]
  2245 | D:3      | XOM: blink monster(s)
  2247 | D:3      | Killed an ogre
  2247 | D:3      | Gained mutation: You are partially covered in rugged brown
                  | scales. (AC +1, +3% HP) [demonic ancestry]
  2247 | D:3      | Reached XP level 6. HP: 15/49 MP: 6/6
  2843 | D:3      | XOM: draining
  2926 | D:4      | XOM: summons 3 hostile shadow creatures
  3054 | D:4      | XOM: severe Erth miscast
  3122 | D:4      | Found a glowing golden altar of the Shining One.
  3125 | D:4      | Found a white marble altar of Elyvilon.
  3137 | D:4      | Found a shimmering altar of Xom.
  3140 | D:4      | Found a radiant altar of Vehumet.
  3253 | D:4      | Got a blackened great sword
  3256 | D:4      | Identified the +3 great sword "Febbuxus" {slice, rPois rN+
                  | Stlth+} (You found it on level 4 of the Dungeon)
  3407 | D:4      | Found a runed translucent door.
  3408 | D:4      | Noticed Crazy Yiuf
  3418 | D:4      | Killed Crazy Yiuf
  4053 | D:5      | Entered Level 5 of the Dungeon
  4074 | D:5      | Noticed Edmund
  4078 | D:5      | Noticed Prince Ribbit
  4089 | D:5      | Noticed Edmund
  4089 | D:5      | Edmund changed into Edmund the shapeshifter
  4089 | D:5      | Noticed Edmund
  4089 | D:5      | Edmund the shapeshifter changed into Edmund the hornet
  4090 | D:5      | XOM: swap monsters
  4092 | D:5      | XOM: 3-stop teleportation journey
  4093 | D:5      | Noticed a sky beast
  4093 | D:5      | XOM: medium Pois miscast
  4105 | D:5      | XOM: medium Air miscast
  4105 | D:5      | Killed a sky beast
  4105 | D:5      | Reached skill level 5 in Polearms
  4116 | D:5      | Slain by Prince Ribbit

Levels and vault maps discovered:
D:1:      eino_arrival_cavern_d, layout_basic, chequers_serial_rivers_micro_e,
          minmay_misc_feat_roman
D:2:      layout_basic, lemuel_round_altar, uniq_terence
D:3:      layout_loops_ring, nicolae_overflow_crystal_walls, minmay_pentangle
D:4:      layout_loops_corners, grunt_temple_overflow_cloverleaf,
          uniq_crazy_yiuf_cottage
D:5:      layout_loops_ring, minmay_temple_entry_offerings, serial_shops, shop,
          shop, nicolae_shop_crystal, shop, shop_statue, first_ration,
          uniq_edmund, uniq_grinder, uniq_prince_ribbit1
